TOP OF THE 1ST |
Birmingham Barons batting - Pitching for Jackson Generals : LHP Andy Mathis
|
Pitching: LHP Andy Mathis
|
|
Batting: RHB Mike Savage
|
0-0: Ball 1-0: Ball 2-0: Called Strike 2-1: Foul Ball, location: 2F 2-2: Ball 3-2: Base on Balls
|
Batting: RHB Josiah Wright
|
0-0: Grounds into double play, 6-4-3 (Groundball, 6, EV 88.8 MPH)
|
Batting: SHB Ruben Velasco Jr.
|
0-0: Ball 1-0: Ball 2-0: Ball 3-0: Base on Balls
|
Batting: LHB Matt Hyde
|
0-0: Ball 1-0: Ball 2-0: Foul Ball, location: 2F 2-1: Foul Ball, location: 2F 2-2: Foul Ball, location: 2F 2-2: Ball 3-2: SINGLE (Line Drive, 89S, EV 85.6 MPH) Ruben Velasco Jr. to second Ruben Velasco Jr. to third
|
Batting: LHB Larry Myers
|
0-0: Called Strike 0-1: Ball 1-1: Foul Ball, location: 2F 1-2: Foul Ball, location: 2F 1-2: Ball Wild Pitch! Ruben Velasco Jr. scores Matt Hyde to second 2-2: Strikes out looking
|
Top of the 1st over - 1 run, 1 hit, 0 errors, 1 left on base; Birmingham 1 - Jackson 0 |
BOTTOM OF THE 1ST |
Jackson Generals batting - Pitching for Birmingham Barons : RHP Mike Mik
|
Pitching: RHP Mike Mik
|
|
Batting: RHB Ryan Criollo
|
0-0: Ball 1-0: Ball 2-0: Ground out 6-3 (Groundball, 6, EV 103.1 MPH)
|
Batting: RHB Ching-hsia Zhang
|
0-0: Ball 1-0: Ball 2-0: Ball 3-0: Ground out U3 (Groundball, 13, EV 83.1 MPH)
|
Batting: RHB Julian Gregory
|
0-0: Foul Ball, location: 2F 0-1: Called Strike 0-2: Ball 1-2: Ball 2-2: Fly out, F8 (Line Drive, 8LD, EV 86.9 MPH)
|
Bottom of the 1st over - 0 runs, 0 hits, 0 errors, 0 left on base; Birmingham 1 - Jackson 0 |
TOP OF THE 2ND |
Birmingham Barons batting - Pitching for Jackson Generals : LHP Andy Mathis
|
Batting: RHB Kevin Chafe
|
0-0: Called Strike 0-1: SINGLE (Groundball, 34D, EV 96.2 MPH)
|
Batting: SHB Josh Conner
|
0-0: Fielders Choice at 2nd, 6-4 (Groundball, 6, EV 89.4 MPH)
|
Batting: RHB John Iddings
|
0-0: Ball 1-0: Called Strike 1-1: Ball 2-1: Foul Ball, location: 2F 2-2: Grounds into double play, 5-4-3 (Groundball, 5S, EV 85.0 MPH)
|
Top of the 2nd over - 0 runs, 1 hit, 0 errors, 0 left on base; Birmingham 1 - Jackson 0 |
BOTTOM OF THE 2ND |
Jackson Generals batting - Pitching for Birmingham Barons : RHP Mike Mik
|
Batting: RHB Mike Conaway
|
0-0: Foul Ball, location: 2F 0-1: Ball 1-1: Swinging Strike 1-2: Ball 2-2: Ball 3-2: SINGLE (Line Drive, 4D, EV 102.5 MPH)
|
Batting: RHB Hideo Okimura
|
0-0: Ball 1-0: Called Strike 1-1: Foul Ball, location: 2F 1-2: Foul Ball, location: 2F 1-2: Grounds into double play, 4-6-3 (Groundball, 4, EV 103.8 MPH)
|
Batting: RHB Adan Lake
|
0-0: Ball 1-0: Called Strike 1-1: Called Strike 1-2: Ground out 5-3 (Groundball, 5, EV 103.8 MPH)
|
Bottom of the 2nd over - 0 runs, 1 hit, 0 errors, 0 left on base; Birmingham 1 - Jackson 0 |
TOP OF THE 3RD |
Birmingham Barons batting - Pitching for Jackson Generals : LHP Andy Mathis
|
Batting: LHB Noel Wilson
|
0-0: Called Strike 0-1: Called Strike 0-2: SINGLE (Groundball, 4MD, EV 96.9 MPH)
|
Batting: RHB Mike Savage
|
0-0: Called Strike 0-1: Foul Ball, location: 2F 0-2: Ground out 4-3 (Groundball, 4S, EV 66.2 MPH) Noel Wilson to second
|
Batting: RHB Josiah Wright
|
0-0: Ball 1-0: Ground out 6-3 (Groundball, 6, EV 86.2 MPH)
|
Batting: SHB Ruben Velasco Jr.
|
0-0: Ball Wild Pitch! Noel Wilson to third 1-0: Fly out, F8 (Flyball, 8RM, EV 96.2 MPH)
|
Top of the 3rd over - 0 runs, 1 hit, 0 errors, 1 left on base; Birmingham 1 - Jackson 0 |
BOTTOM OF THE 3RD |
Jackson Generals batting - Pitching for Birmingham Barons : RHP Mike Mik
|
Batting: RHB Victor Rosas
|
0-0: Ball 1-0: DOUBLE (Line Drive, 9LM, EV 96.2 MPH)
|
Batting: LHB Mario Cardona
|
0-0: Ball 1-0: Swinging Strike 1-1: Swinging Strike 1-2: Ball 2-2: Strikes out swinging
|
Batting: RHB Egidius Kruger
|
0-0: Ball 1-0: Foul Ball, location: 2F 1-1: Ball 2-1: Ground out 6-3 (Groundball, 6, EV 86.2 MPH)
|
Batting: RHB Ryan Criollo
|
0-0: Ball 1-0: Called Strike 1-1: Ball 2-1: Called Strike 2-2: Fly out, F7 (Flyball, 7, EV 85.0 MPH)
|
Bottom of the 3rd over - 0 runs, 1 hit, 0 errors, 1 left on base; Birmingham 1 - Jackson 0 |
TOP OF THE 4TH |
Birmingham Barons batting - Pitching for Jackson Generals : LHP Andy Mathis
|
Batting: LHB Matt Hyde
|
0-0: Called Strike 0-1: Ground out U3 (Groundball, 34S, EV 85.0 MPH)
|
Batting: LHB Larry Myers
|
0-0: Ball 1-0: Called Strike 1-1: Fly out, F9 (Flyball, 9S, EV 95.6 MPH)
|
Batting: RHB Kevin Chafe
|
0-0: Ball 1-0: Ball 2-0: Fly out, F4 (Popup, 34, EV 61.2 MPH)
|
Top of the 4th over - 0 runs, 0 hits, 0 errors, 0 left on base; Birmingham 1 - Jackson 0 |
BOTTOM OF THE 4TH |
Jackson Generals batting - Pitching for Birmingham Barons : RHP Mike Mik
|
Batting: RHB Ching-hsia Zhang
|
0-0: Ball 1-0: Foul Ball, location: 2F 1-1: Ground out 4-3 (Groundball, 4, EV 81.9 MPH)
|
Batting: RHB Julian Gregory
|
0-0: Ball 1-0: Foul Ball, location: 2F 1-1: Ball 2-1: Ball 3-1: Foul Ball, location: 2F 3-2: Foul Ball, location: 2F 3-2: Fly out, F7 (Flyball, 7D, EV 85.0 MPH)
|
Batting: RHB Mike Conaway
|
0-0: Ball 1-0: Called Strike 1-1: Ball 2-1: Foul Ball, location: 2F 2-2: Foul Ball, location: 2F 2-2: Foul Ball, location: 2F 2-2: SOLO HOME RUN (Flyball, 7D, EV 96.9 MPH), Distance : 378 ft
|
Batting: RHB Hideo Okimura
|
0-0: SINGLE (Flyball, 5D, EV 96.9 MPH)
|
Batting: RHB Adan Lake
|
0-0: Foul Ball, location: 2F 0-1: Fly out, F7 (Flyball, 78M, EV 95.0 MPH)
|
Bottom of the 4th over - 1 run, 2 hits, 0 errors, 1 left on base; Birmingham 1 - Jackson 1 |
TOP OF THE 5TH |
Birmingham Barons batting - Pitching for Jackson Generals : LHP Andy Mathis
|
Batting: SHB Josh Conner
|
0-0: SOLO HOME RUN (Line Drive, 7D, EV 100.6 MPH), Distance : 387 ft
|
Batting: RHB John Iddings
|
0-0: Foul Ball, location: 2F 0-1: Called Strike 0-2: Ball 1-2: Ball 2-2: Strikes out swinging
|
Batting: LHB Noel Wilson
|
0-0: Ball 1-0: Foul Ball, location: 2F 1-1: Ground out 4-3 (Groundball, 4, EV 78.8 MPH)
|
Batting: RHB Mike Savage
|
0-0: Ball 1-0: Ground out U3 (Groundball, 34S, EV 85.0 MPH)
|
Top of the 5th over - 1 run, 1 hit, 0 errors, 0 left on base; Birmingham 2 - Jackson 1 |
BOTTOM OF THE 5TH |
Jackson Generals batting - Pitching for Birmingham Barons : RHP Mike Mik
|
Batting: RHB Victor Rosas
|
0-0: Ball 1-0: Foul Ball, location: 2F 1-1: Swinging Strike 1-2: Strikes out swinging
|
Batting: LHB Mario Cardona
|
0-0: Ball 1-0: Called Strike 1-1: Ball 2-1: Ball 3-1: Base on Balls
|
Batting: RHB Egidius Kruger
|
0-0: Called Strike Mario Cardona steals 2nd base 0-1: Called Strike 0-2: SINGLE (Flyball, 4D, EV 98.8 MPH) Mario Cardona to third
|
Batting: RHB Ryan Criollo
|
0-0: Ball Egidius Kruger steals 2nd base 1-0: Ball 2-0: Foul Ball, location: 2F 2-1: Ground out U3 (Groundball, 3L, EV 106.2 MPH)
|
Batting: RHB Ching-hsia Zhang
|
0-0: Ball 1-0: Foul Ball, location: 2F 1-1: Foul Ball, location: 2F 1-2: Ball 2-2: Foul Ball, location: 2F 2-2: Ball 3-2: Base on Balls
|
Pitching: LHP Brennan Duncan
|
|
Batting: RHB Julian Gregory
|
0-0: Foul Ball, location: 2F 0-1: Foul Ball, location: 2F 0-2: Fly out, F7 (Flyball, 78M, EV 92.5 MPH)
|
Bottom of the 5th over - 0 runs, 1 hit, 0 errors, 3 left on base; Birmingham 2 - Jackson 1 |
TOP OF THE 6TH |
Birmingham Barons batting - Pitching for Jackson Generals : LHP Andy Mathis
|
Batting: RHB Josiah Wright
|
0-0: Called Strike 0-1: Ball 1-1: Ball 2-1: Ball 3-1: Called Strike 3-2: SINGLE (Line Drive, 9S, EV 105.6 MPH)
|
Batting: SHB Ruben Velasco Jr.
|
0-0: Ball Josiah Wright is caught stealing 2nd base 2-4 1-0: Ball 2-0: Ball 3-0: Called Strike 3-1: Called Strike 3-2: Fly out, F4 (Popup, 4, EV 70.6 MPH)
|
Batting: LHB Matt Hyde
|
0-0: Ball 1-0: Ball 2-0: Ball 3-0: Called Strike 3-1: Ground out 6-3 (Groundball, 6, EV 85.6 MPH)
|
Top of the 6th over - 0 runs, 1 hit, 0 errors, 0 left on base; Birmingham 2 - Jackson 1 |
BOTTOM OF THE 6TH |
Jackson Generals batting - Pitching for Birmingham Barons : LHP Brennan Duncan
|
Batting: RHB Mike Conaway
|
0-0: Ball 1-0: Fly out, F7 (Flyball, 7D, EV 92.5 MPH)
|
Batting: RHB Hideo Okimura
|
0-0: Called Strike 0-1: Called Strike 0-2: Strikes out swinging
|
Batting: RHB Adan Lake
|
0-0: Called Strike 0-1: Ball 1-1: Ground out 5-3 (Groundball, 56, EV 83.8 MPH)
|
Bottom of the 6th over - 0 runs, 0 hits, 0 errors, 0 left on base; Birmingham 2 - Jackson 1 |
TOP OF THE 7TH |
Birmingham Barons batting - Pitching for Jackson Generals : LHP Andy Mathis
|
Batting: LHB Larry Myers
|
0-0: Ball 1-0: Foul Ball, location: 2F 1-1: Called Strike 1-2: Fly out, F8 (Flyball, 8RM, EV 88.8 MPH)
|
Pitching: LHP Chan-u Lee
|
|
Batting: RHB Kevin Chafe
|
0-0: Called Strike 0-1: Called Strike 0-2: Strikes out swinging
|
Batting: SHB Josh Conner
|
0-0: Ground out 3-1 (Groundball, 13, EV 81.2 MPH)
|
Top of the 7th over - 0 runs, 0 hits, 0 errors, 0 left on base; Birmingham 2 - Jackson 1 |
BOTTOM OF THE 7TH |
Jackson Generals batting - Pitching for Birmingham Barons : LHP Brennan Duncan
|
Pitching: RHP Jon Manwaring
|
|
Batting: RHB Victor Rosas
|
0-0: Ground out 4-3 (Groundball, 4MD, EV 88.1 MPH)
|
Batting: LHB Mario Cardona
|
0-0: Ball 1-0: Ball 2-0: Ball 3-0: Called Strike 3-1: Base on Balls
|
Batting: RHB Egidius Kruger
|
0-0: Ball 1-0: Fielders Choice at 2nd, 6-4 (Groundball, 6, EV 76.9 MPH)
|
Batting: RHB Ryan Criollo
|
0-0: SINGLE (Groundball, 4MD, EV 103.1 MPH) Egidius Kruger to second Runner from 2nd tries for 3rd, SAFE, throw by CF made to third
|
Batting: RHB Ching-hsia Zhang
|
0-0: Swinging Strike 0-1: Foul Ball, location: 2F 0-2: Ball 1-2: Strikes out swinging
|
Bottom of the 7th over - 0 runs, 1 hit, 0 errors, 2 left on base; Birmingham 2 - Jackson 1 |
TOP OF THE 8TH |
Birmingham Barons batting - Pitching for Jackson Generals : LHP Chan-u Lee
|
Now at 2B: Egidius Kruger
|
|
Now at 3B: Tomokazu Sugimoto
|
|
Now at SS: Ching-hsia Zhang
|
|
Batting: RHB John Iddings
|
0-0: Called Strike 0-1: Ball 1-1: Ball 2-1: Swinging Strike 2-2: Strikes out swinging
|
Batting: LHB Noel Wilson
|
0-0: Ball 1-0: Called Strike 1-1: Ball 2-1: Foul Ball, location: 2F 2-2: Ball 3-2: Foul Ball, location: 2F 3-2: Foul Ball, location: 2F 3-2: Base on Balls
|
Pinch Runner at 1st Dalton Silveira:
|
|
Batting: RHB Mike Savage
|
0-0: Called Strike Dalton Silveira steals 2nd base 0-1: Swinging Strike 0-2: Ball 1-2: Foul Ball, location: 2F 1-2: Ball 2-2: Ball 3-2: SINGLE (Flyball, 8RM, EV 95.6 MPH) Dalton Silveira to third
|
Batting: RHB Josiah Wright
|
0-0: Ball 1-0: Ball 2-0: Ball 3-0: Base on Balls Mike Savage to second
|
Batting: SHB Ruben Velasco Jr.
|
0-0: Ball 1-0: Foul Ball, location: 2F 1-1: Called Strike 1-2: Ball 2-2: Ball 3-2: Base on Balls Dalton Silveira scores Mike Savage to third Josiah Wright to second
|
Batting: LHB Matt Hyde
|
0-0: Ball 1-0: Grounds into fielders choice 6-2 (Groundball, 6, EV 90.0 MPH) Josiah Wright to third Ruben Velasco Jr. to second
|
Batting: LHB Larry Myers
|
0-0: Ball 1-0: SINGLE (Groundball, 56D, EV 108.1 MPH) Josiah Wright scores Ruben Velasco Jr. to third Matt Hyde to second Runner from 3rd tries for Home, SAFE, throw by LF to home
|
Pitching: RHP Rickey DuMire
|
|
Batting: RHB Kevin Chafe
|
0-0: Called Strike 0-1: Ball 1-1: Ball 2-1: Swinging Strike 2-2: Hit by Pitch Matt Hyde to third Larry Myers to second
|
Batting: SHB Josh Conner
|
0-0: Fly out, F9 (Flyball, 89D, EV 100.6 MPH)
|
Top of the 8th over - 3 runs, 2 hits, 0 errors, 3 left on base; Birmingham 5 - Jackson 1 |
BOTTOM OF THE 8TH |
Jackson Generals batting - Pitching for Birmingham Barons : RHP Jon Manwaring
|
Now at C: Ethan McCullough
|
|
Batting: RHB Julian Gregory
|
0-0: Ball 1-0: Ground out 6-3 (Groundball, 4M, EV 105.0 MPH)
|
Batting: RHB Mike Conaway
|
0-0: Called Strike 0-1: Ball 1-1: Ball 2-1: SINGLE (Line Drive, 9S, EV 96.9 MPH)
|
Batting: RHB Hideo Okimura
|
0-0: Called Strike 0-1: Ball 1-1: Fly out, F9 (Flyball, 9, EV 94.4 MPH)
|
Batting: RHB Adan Lake
|
0-0: Foul Ball, location: 2F 0-1: Ball 1-1: Fielders Choice at 2nd, 6-4 (Groundball, 6, EV 87.5 MPH)
|
Bottom of the 8th over - 0 runs, 1 hit, 0 errors, 1 left on base; Birmingham 5 - Jackson 1 |
TOP OF THE 9TH |
Birmingham Barons batting - Pitching for Jackson Generals : RHP Rickey DuMire
|
Pitching: LHP Ben Burton
|
|
Batting: RHB John Iddings
|
0-0: Swinging Strike 0-1: Ground out 5-3 (Groundball, 56S, EV 89.4 MPH)
|
Batting: RHB Ethan McCullough
|
0-0: Called Strike 0-1: Swinging Strike 0-2: Ball 1-2: Foul Ball, location: 2F 1-2: Foul Ball, location: 2F 1-2: Foul Ball, location: 2F 1-2: Ball 2-2: Strikes out swinging
|
DELAY
|
Rain delay of 25 minutes in the 9th inning.
|
Batting: RHB Mike Savage
|
0-0: Ball 1-0: Ball 2-0: Called Strike 2-1: Ball 3-1: Base on Balls
|
Batting: RHB Josiah Wright
|
0-0: Foul Ball, location: 2F 0-1: Ball 1-1: Foul Ball, location: 2F 1-2: Foul Ball, location: 2F 1-2: Ball 2-2: Foul Ball, location: 2F 2-2: Fly out, F8 (Line Drive, 8LD, EV 86.2 MPH)
|
Top of the 9th over - 0 runs, 0 hits, 0 errors, 1 left on base; Birmingham 5 - Jackson 1 |
BOTTOM OF THE 9TH |
Jackson Generals batting - Pitching for Birmingham Barons : RHP Jon Manwaring
|
Pitching: RHP Rick Sacket
|
|
Batting: RHB Victor Rosas
|
0-0: Ball 1-0: Called Strike 1-1: Called Strike 1-2: Strikes out swinging
|
Batting: RHB Tomokazu Sugimoto
|
0-0: Ball 1-0: Swinging Strike 1-1: Ball 2-1: Ground out 6-3 (Groundball, 6, EV 79.4 MPH)
|
Batting: RHB Egidius Kruger
|
0-0: Ball 1-0: Ground out 6-3 (Groundball, 6M, EV 94.4 MPH)
|
Bottom of the 9th over - 0 runs, 0 hits, 0 errors, 0 left on base; Birmingham 5 - Jackson 1 |
|